Map: Dusk Towers

Players

Savage

  • Race: Protoss Protoss
  • League: Diamond

LilDicky - Winner!

  • Race: Terran Terran
  • League: Diamond

VOD

http://www.twitch.tv/tumescentpie

Description

Time

  • Played on: Dec. 31, 2015, 7:21 p.m.
  • Length: 6:05
Show
View Real Time Build Order
Export as new Build Order

Savage Protoss 

Build Orders: 1 Gate Expand 

Get SALT Encoding   

  12  0:01  Probe (Chrono Boost)  
  13  0:11  Probe (Chrono Boost)  
  14  0:19  Pylon  
  14  0:22  Probe (Chrono Boost)  
  15  0:37  Probe (Chrono Boost)  
  15  0:40  Gateway  
  16  0:43  Assimilator  
  16  0:48  Probe (Chrono Boost)  
  17  0:58  Probe (Chrono Boost)  
  18  1:09  Probe (Chrono Boost)  
  19  1:36  Nexus  
  19  1:43  Cybernetics Core, Probe (Chrono Boost)  
  20  1:53  Pylon  
  21  1:54  Probe (Chrono Boost)  
  21  1:57  Assimilator  
  21  2:05  Probe (Chrono Boost)  
  22  2:15  Probe (Chrono Boost)  
  23  2:20  Adept  
  23  2:22  Warp Gate  
  25  2:26  Mothership Core (Chrono Boost)  
  27  2:36  Gateway  
  27  2:38  Pylon  
  27  2:44  Probe (Chrono Boost)  
  28  2:53  Adept  
  28  2:55  Probe x2 (Chrono Boost)  
  33  3:05  Probe (Chrono Boost)  
  33  3:06  Probe (Chrono Boost)  
  33  3:09  Twilight Council  
  34  3:16  Probe x2 (Chrono Boost)  
  36  3:25  Stalker  
  36  3:26  Stalker, Probe (Chrono Boost)  
  41  3:28  Probe (Chrono Boost)  
  42  3:37  Probe (Chrono Boost)  
  42  3:39  Probe (Chrono Boost)  
  44  3:46  Resonating Glaives, Robotics Facility  
  44  4:00  Probe x2 (Chrono Boost)  
  46  4:11  Probe x2 (Chrono Boost)  
  46  4:12  Stalker x2  
  52  4:18  Pylon  
  52  4:26  Probe x2 (Chrono Boost)  
  54  4:41  Nexus  
  53  4:56  Observer (Chrono Boost)  
  54  5:13  Gateway  
  54  5:16  Gateway, Immortal (Chrono Boost)  
  54  5:18  Pylon  
  58  5:23  Pylon  
  58  5:27  Adept  
  58  5:28  Adept  
  61  5:35  Probe  
  61  5:36  Probe  
  61  5:41  Assimilator  
  61  5:43  Pylon  
  61  5:45  Assimilator  
  61  5:47  Pylon  
  61  5:49  Pylon  
  51  5:52  Pylon  
  51  5:55  Adept  
  51  5:56  Adept  
Show
View Real Time Build Order
Export as new Build Order

LilDicky Terran - Winner!

Build Orders: MMM Bio 

Get SALT Encoding   

  12  0:01  SCV  
  13  0:13  SCV  
  14  0:18  Supply Depot  
  14  0:25  SCV  
  15  0:36  Refinery  
  15  0:39  SCV  
  16  0:45  Barracks  
  16  0:51  SCV  
  17  1:03  SCV  
  18  1:16  SCV  
  19  1:28  SCV  
  19  1:31  Marine  
  21  1:36  Supply Depot  
  21  1:41  Orbital Command  
  21  1:57  Marine  
  22  2:02  Barracks  
  22  2:05  Factory, Refinery, Barracks  
  22  2:19  SCV  
  23  2:23  Barracks Reactor  
  23  2:31  SCV  
  24  2:43  SCV  
  25  2:48  Barracks Tech Lab  
  25  2:52  Barracks Tech Lab  
  25  2:55  SCV  
  26  3:03  Marine x2  
  28  3:07  SCV, Stimpack  
  29  3:13  Marine x2  
  31  3:21  Marine x2, Widow Mine  
  35  3:29  Combat Shields  
  35  3:30  Marine  
  35  3:31  Marine  
  35  3:32  Supply Depot  
  36  3:38  SCV  
  36  3:39  Marine x2  
  39  3:49  Starport  
  39  3:53  Marine x2  
  39  3:54  SCV  
  42  3:57  Marine  
  42  4:02  Widow Mine  
  45  4:05  Marine  
  46  4:15  Marine  
  47  4:17  Supply Depot, Marauder x2  
  49  4:27  Marine  
  49  4:30  Medivac  
  52  4:32  SCV  
  50  5:04  Marauder x2, Marine x2  
  56  5:12  Medivac  
  56  5:13  SCV  
  59  5:17  Supply Depot  
  59  5:20  Widow Mine  
  61  5:22  Marine x2  
  61  5:26  Marauder  
  63  5:31  Marine  
  64  5:40  Marine  
Tags
 
Add a new tag
Caveats
  • Supply blocks, unpowered buildings, or Contaminate may cause inaccurate times.
  • Supply counts are checked every 10 seconds.